Unix NetHack Version 5.0.0-0 post-release - last build Jun 10 2026 00:39:30 (3ee93aec679c4c4259841fe613dc97188e26a321,branch:main).

Game began 2026-06-11 22:38:44, ended 2026-06-11 22:41:43.

IanCurtis, chaotic male elven Wizard

                             ......
                             *.).@h
                             ......
                              ...<.
                               ....

IanCurtis the Evoker      St:8 Dx:13 Co:16 In:19 Wi:11 Ch:8  Chaotic
Dlvl:4  $:22 HP:0(18) Pw:4(19) AC:8  Xp:2 T:589 

Latest messages:
 You see here 4 gold pieces.
 $ - 4 gold pieces (22 in total).
 In what direction? l
 The statue shatters.
 You try to move the boulder, but in vain.
 You hit the giant rat.
 The giant rat misses!
 You miss the giant rat.
 The giant rat bites!
 You miss the giant rat.
 The giant rat bites!
 You miss the giant rat.
 The giant rat bites!
 You miss the giant rat.
 The giant rat bites!
 You miss the giant rat.
 The giant rat bites!
 You kill the giant rat!
 You see here a giant rat corpse.
 In what direction? b
 The spell hits the giant rat.
 You kill the giant rat!
 v - a giant rat corpse.
 What do you want to drop? [$a-pr-v or ?*] v
 You drop a giant rat corpse.
 Your kitten eats a giant rat corpse.
 In what direction? h
 The statue shatters.
 You see here 40 rocks.
 You don't have enough energy to cast that spell.
 You descend the stairs.
 The gnome zaps an oak wand!
 Boing!
 You kill the gnome!
 You see here a wand of striking.
 w - a wand of striking.
 The gnome throws a dart!
 You are hit by a dart.
 The gnome hits!
 You hit the gnome.
 You miss the gnome.
 You miss the gnome.
 The gnome hits!
 You kill the gnome!
 The dwarf wields a pick-axe!
 You hit the dwarf!
 The dwarf swings her pick-axe.
 The dwarf hits!
 You die...
 Do you want your possessions identified? [ynq] (y) q

Inventory:
 Coins    ('$')
  $ - 22 gold pieces
 Weapons  (')')
  a - a blessed +1 quarterstaff (weapon in hands)
 Armor    ('[')
  s - an uncursed +0 orcish helm (being worn)
  b - a blessed +0 cloak of magic resistance (being worn)
 Comestibles  ('%')
  u - an uncursed cram ration
  r - an uncursed lichen corpse
 Scrolls  ('?')
  i - an uncursed scroll of enchant weapon
  j - an uncursed scroll of identify
  k - an uncursed scroll of remove curse
 Spellbooks  ('+')
  l - a blessed spellbook of force bolt
  m - an uncursed spellbook of haste self
 Potions  ('!')
  g - an uncursed potion of monster detection
  t - an uncursed potion of object detection
  f - an uncursed potion of oil
  h - 2 uncursed potions of restore ability
 Rings    ('=')
  e - an uncursed ring of see invisible
  d - an uncursed ring of slow digestion (on right hand)
 Wands    ('/')
  c - a wand of opening (0:5)
  w - a wand of striking (0:3)
 Tools    ('(')
  p - an uncursed bugle
  o - an uncursed blindfold
  n - a magic marker (0:19)

IanCurtis the Wizard's attributes:

Background:
 You were an Evoker, a level 2 male elven Wizard.
 You were chaotic, on a mission for Anhur
 who was opposed by Ptah (lawful) and Thoth (neutral).
 You were right-handed.
 You were in the Gnomish Mines, on level 4.
 You entered the dungeon 589 turns ago.
 It was nighttime.
 You had 39 experience points, 1 more was needed to attain level 3.

Basics:
 You had 0 out of 18 hit points.
 You had 4 out of 19 energy points (spell power).
 Your armor class was 8.
 Your wallet contained 22 zorkmids.
 Autopickup was off.

Final Characteristics:
 Your strength was 8 (limit:18).
 Your dexterity was 13 (limit:18).
 Your constitution was 16 (limit:16).
 Your intelligence was 19 (limit:20).
 Your wisdom was 11 (limit:20).
 Your charisma was 8 (limit:18).

Final Status:
 You weren't hungry.
 You were unencumbered.
 You were wielding a quarterstaff.
 You had basic skill with quarterstaff.

Final Attributes:
 You were fervently aligned.
 You were magic-protected.
 You had infravision.
 You had slower digestion.
 You were warded.
 You are dead.

Miscellaneous:
 You didn't encounter any bones levels.
 Total elapsed playing time was 2 minutes and 59 seconds.

Major events:
 Turn
    1: IanCurtis the chaotic male elven Wizard entered the dungeon
  576: entered the Gnomish Mines
  589: killed by a dwarf

Spells:
 Name                 Level Category     Fail Retention
 force bolt             1   attack         0%  91%-100%
 haste self             3   escape        87%  76%-100%

Skills:
 Fighting Skills
   bare handed combat [Unskilled]
   riding             [Unskilled]
 Weapon Skills
   dagger             [Unskilled]
   knife              [Unskilled]
   axe                [Unskilled]
   short sword        [Unskilled]
   club               [Unskilled]
   mace               [Unskilled]
   quarterstaff       [Basic]
   polearms           [Unskilled]
   spear              [Unskilled]
   trident            [Unskilled]
   sling              [Unskilled]
   dart               [Unskilled]
   shuriken           [Unskilled]
 Spellcasting Skills
   attack spells      [Basic]
   healing spells     [Unskilled]
   divination spells  [Unskilled]
   enchantment spells [Basic]
   clerical spells    [Unskilled]
   escape spells      [Unskilled]
   matter spells      [Unskilled]

Voluntary challenges:
 Character rerolling was not enabled.
 You went without food.
 You were an atheist.
 You were illiterate.
 You never genocided any monsters.
 You never polymorphed an object.
 You never changed form.
 You used no wishes.
Achievements:
 You entered a shop.
 You entered the Gnomish Mines.

 The Dungeons of Doom: levels 1 to 3
    Level 1:
    Level 2:
       A scroll shop, a fountain, a tree.
    Level 3:
       A sink, a grave.
       Stairs down to The Gnomish Mines.
 The Gnomish Mines:
    Level 4: <- You were here.
       Final resting place for
          you, killed by a dwarf.


Vanquished creatures:
  2 giant rats
  2 gnomes
  a fox
  3 goblins
  a grid bug
  a lichen
  a newt
11 creatures vanquished.

No species were genocided or became extinct.

Game over:
                       ----------
                      /          \
                     /    REST    \
                    /      IN      \
                   /     PEACE      \
                  /                  \
                  |    IanCurtis     |
                  |      22 Au       |
                  |   killed by a    |
                  |      dwarf       |
                  |                  |
                  |                  |
                  |       2026       |
                 *|     *  *  *      | *
        _________)/\\_//(\/(/\)/\//\/|_)_______

Goodbye IanCurtis the Wizard...

You died in The Gnomish Mines on dungeon level 4 with 326 points,
and 22 pieces of gold, after 589 moves.
You were level 2 with a maximum of 18 hit points when you died.

